 Dungeon Crawl Stone Soup version 0.21-a0-348-ga060c75 (webtiles) character file.

2338 JackS81 the Quickloader (level 9, -1/56 (59) HPs)
             Began as a Human Arcane Marksman on Oct 5, 2017.
             Was a Believer of Okawaru.
             Slain by Fandomethor's ghost (17 damage)
             ... on level 7 of the Dungeon on Oct 6, 2017.
             The game lasted 00:48:20 (9204 turns).

JackS81 the Quickloader (Human Arcane Marksman)     Turns: 9204, Time: 00:48:21

HP:   -1/56 (59)    AC:  5    Str: 12    XL:     9   Next: 70%
MP:   10/10         EV: 13    Int: 15    God:    Okawaru [**....]
Gold: 496           SH:  0    Dex: 17    Spells: 3/10 levels left

rFire    + . .     SeeInvis +   r - +7 war axe "Jaywn" {venom, +Inv SInv}
rCold    . . .     Gourm    +   (no shield)
rNeg     . . .     Faith    .   e - +1 robe
rPois    .         Spirit   .   (no helmet)
rElec    +         Reflect  .   (no cloak)
rCorr    .         Harm     .   (no gloves)
MR       .....                  (no boots)
Stlth    +++.......             u - amulet "Alio" {Gourm *Drain rElec rF+ Dex+3}
HPRegen  0.18/turn              q - ring of stealth
MPRegen  0.12/turn              (no ring)

@: no status effects
A: icy blue scales 1, blink
a: Blink, Heroism, Renounce Religion, Evoke Invisibility


You were on level 7 of the Dungeon.
You worshipped Okawaru.
Okawaru was pleased with you.
You were completely stuffed.

You visited 2 branches of the dungeon, and saw 8 of its levels.

You collected 496 gold pieces.

Inventory:

Hand Weapons
 a - a +0 hand crossbow
 b - a +0 club
 r - the +7 war axe "Jaywn" (weapon) {venom, +Inv SInv}
   (You found it on level 5 of the Dungeon)

   It poisons the flesh of those it strikes.
   It lets you see invisible.
   It lets you turn invisible.
 s - a +2 whip of pain
 y - a +0 antimagic hand axe
Missiles
 d - 5 bolts
Armour
 e - a +1 robe (worn)
Jewellery
 q - a ring of stealth (left hand)
 u - the amulet "Alio" (around neck) {Gourm *Drain rElec rF+ Dex+3}
   (You found it on level 5 of the Dungeon)

   [amulet of the gourmand]

   It allows you to eat raw meat even when not hungry.
   It affects your dexterity (+3).
   It protects you from fire.
   It insulates you from electricity.
   It causes draining when unequipped.
 v - an uncursed amulet of guardian spirit
Wands
 k - a wand of scattershot (0/9)
 x - a wand of acid (0/15)
Scrolls
 i - 3 scrolls of teleportation
 j - 3 scrolls of identify
 l - a scroll of fear
 m - a scroll of acquirement {unknown}
 n - 3 scrolls of remove curse
 w - 2 scrolls of enchant armour
Potions
 g - a potion of degeneration
 h - a potion of flight
 o - 2 potions of curing
 t - a potion of mutation
Books
 c - a book of Debilitation

   Spells                             Type                      Level
   a - Corona                         Hexes                        1
   b - Slow                           Hexes                        2
   c - Inner Flame                    Hexes/Fire                   3
   d - Portal Projectile              Hexes/Translocation          3
   e - Cause Fear                     Hexes                        4
   f - Leda's Liquefaction            Hexes/Earth                  4
Comestibles
 f - 5 bread rations
 p - 4 meat rations
 z - a royal jelly
 A - 5 chunks of flesh


   Skills:
 - Level 1.0 Fighting
 + Level 4.3 Axes
 * Level 10.1 Crossbows
 - Level 2.0 Dodging
 - Level 1.0 Spellcasting
 * Level 5.1 Hexes
 + Level 0.1 Translocations
 * Level 2.5 Invocations
 * Level 2.2 Evocations


You had 3 spell levels left.
You knew the following spells:

 Your Spells              Type           Power        Failure   Level  Hunger
a - Corona                Hex            ###....      3%          1    ##.....
b - Portal Projectile     Hex/Tloc       #.....       24%         3    ####...
c - Inner Flame           Hex/Fire       #.......     26%         3    ####...


Dungeon Overview and Level Annotations

Branches:
Dungeon (7/15)             Temple (1/1) D:4

Altars:
Ashenzari
Cheibriados
Dithmenos
Elyvilon
Fedhas
Gozag
Hepliaklqana
Kikubaaqudgha
Makhleb
Nemelex Xobeh
Okawaru
Qazlal
Sif Muna
Vehumet
Wu Jian
Xom
Zin
The Shining One

Shops:
D:4 :

Annotations:
D:7 Fandomethor's ghost, novice MiFi


Innate Abilities, Weirdness & Mutations

You are partially covered in icy blue scales. (AC +2)
You can translocate small distances at will.


Message History

Aim: Fandomethor's ghost (heavily damaged, covered in acid) Nothing appears to happen.
Fandomethor's ghost hits you but does no damage.
You closely miss Fandomethor's ghost.
Fandomethor's ghost is heavily damaged.
Fandomethor's ghost barely misses you.
You barely miss Fandomethor's ghost.
Fandomethor's ghost is moderately damaged.
Fandomethor's ghost hits you! x2
You hit Fandomethor's ghost.
Fandomethor's ghost is heavily damaged.
Fandomethor's ghost hits you.
* * * LOW HITPOINT WARNING * * *
You slash Fandomethor's ghost!
Fandomethor's ghost is heavily damaged.
Fandomethor's ghost closely misses you.
You slash Fandomethor's ghost!
Fandomethor's ghost is severely damaged.
Fandomethor's ghost hits you!
You die...

#.##.#### ....######
#.##.#### .........#
#.......# %........#
#.......# .........#
#.......# .......:.#
#.......# .l.......#
#.......###
#........####........[#
..........).W@..>.....#
#############.........#
#####.........#
#...).........#
#.#######.....# #.#
#.....# #.# #.....#
#.##### ####..#
#.##.รท###..##.#


You could see Fandomethor's ghost.

Vanquished Creatures
  Grinder (D:6)
  2 wraiths (D:7)
  Eustachio (D:6)
  A black bear (D:6)
  2 phantoms
  2 necrophages (D:7)
  3 centaurs
  A bullfrog (D:7)
  A scorpion (D:4)
  A centaur zombie (D:5)
  A crimson imp (D:6)
  2 human zombies (D:7)
  6 orc wizards (D:4)
  An iguana (D:6)
  An orc priest (D:4)
  Terence (D:3)
  10 worker ants
  3 human skeletons (D:7)
  2 mummies (D:7)
  11 adders
  3 gnolls (D:2)
  6 worms (D:2)
  2 dart slugs
  A leopard gecko (D:4)
  14 orcs
  3 bats
  6 giant cockroaches
  7 goblins
  4 hobgoblins
  8 jackals
  4 kobolds
  3 quokkas (D:3)
  3 frilled lizards
  An orc zombie (D:7)
  8 rats
126 creatures vanquished.

Notes
Turn   | Place    | Note
-------+----------+-------------------------------------------
     0 | D:1      | JackS81 the Human Arcane Marksman began the quest for the Orb.
     0 | D:1      | Reached XP level 1. HP: 15/15 MP: 2/2
   304 | D:1      | Reached XP level 2. HP: 14/21 MP: 3/3
   622 | D:1      | Reached skill level 3 in Crossbows
  1038 | D:2      | Reached XP level 3. HP: 26/26 MP: 4/4
  1264 | D:2      | Reached XP level 4. HP: 32/32 MP: 5/5
  1293 | D:2      | Reached skill level 4 in Crossbows
  1646 | D:2      | Reached XP level 5. HP: 20/37 MP: 6/6
  1930 | D:2      | Learned a level 3 spell: Portal Projectile
  2527 | D:3      | Noticed Terence
  2555 | D:3      | Found a glowing golden altar of the Shining One.
  2733 | D:3      | Reached skill level 5 in Crossbows
  3028 | D:3      | Gained mutation: You are partially covered in icy blue scales. (AC +2) [potion of mutation]
  3028 | D:3      | Gained mutation: You can translocate small distances at will. [potion of mutation]
  3039 | D:3      | Killed Terence
  3197 | D:3      | Reached XP level 6. HP: 30/43 MP: 7/7
  3340 | D:3      | Upgraded the game from 0.21-a0-346-g330ab2c to 0.21-a0-348-ga060c75
  3384 | D:4      | Noticed a phantom
  3446 | D:4      | Found a deep blue altar of Sif Muna.
  3592 | D:4      | Found Ocisi's Book Boutique.
  3770 | D:4      | Reached skill level 6 in Crossbows
  3802 | D:4      | Found a staircase to the Ecumenical Temple.
  3839 | Temple   | Entered the Ecumenical Temple
  4156 | Temple   | Became a worshipper of Warmaster Okawaru
  4267 | D:4      | Killed a phantom
  4267 | D:4      | Reached XP level 7. HP: 35/48 MP: 8/8
  4352 | D:4      | Reached skill level 7 in Crossbows
  4684 | D:4      | Found a blossoming altar of Fedhas.
  4687 | D:4      | Found a stormy altar of Qazlal.
  4869 | D:5      | Entered Level 5 of the Dungeon
  5083 | D:5      | Got a pitted emerald amulet
  5112 | D:5      | Identified the amulet "Alio" {Gourm *Drain rElec rF+ Dex+3} (You found it on level 5 of the Dungeon)
  5202 | D:4      | Learned a level 3 spell: Inner Flame
  5336 | D:4      | Reached skill level 8 in Crossbows
  5336 | D:4      | Reached XP level 8. HP: 54/54 MP: 9/9
  5444 | D:4      | Found a glowing silver altar of Zin.
  5445 | D:4      | Found an opulent altar of Gozag.
  5728 | D:5      | Reached * piety under Okawaru
  5797 | D:5      | Got a fine war axe
  5798 | D:5      | Identified the +7 war axe "Jaywn" {venom, +Inv SInv} (You found it on level 5 of the Dungeon)
  6124 | D:5      | Found an ornate altar of the Wu Jian Council.
  6390 | D:6      | Noticed Grinder
  6391 | D:6      | Paralysed by Grinder for 6 turns
  6403 | D:6      | Paralysed by Grinder for 6 turns
  6412 | D:6      | Killed Grinder
  6412 | D:6      | Reached skill level 9 in Crossbows
  7617 | D:6      | Noticed Eustachio
  7689 | D:6      | Killed Eustachio
  7689 | D:6      | Reached skill level 1 in Invocations
  7689 | D:6      | Reached XP level 9. HP: 6/59 MP: 2/10
  8241 | D:7      | Found an ancient bone altar of Kikubaaqudgha.
  8252 | D:7      | Reached skill level 1 in Axes
  8252 | D:7      | Reached skill level 1 in Evocations
  8440 | D:7      | Reached skill level 10 in Crossbows
  8462 | D:7      | Reached ** piety under Okawaru
  8595 | D:7      | HP: 1/56 [wraith (8)]
  8895 | D:7      | Reached skill level 5 in Hexes
  9143 | D:7      | Found a shattered altar of Ashenzari.
  9189 | D:7      | Noticed Fandomethor's ghost (novice MiFi)
  9204 | D:7      | Slain by Fandomethor's ghost

Vault maps used:
D:1:      minmay_arrival_diagonal_passages
D:3:      minmay_diamond_boxcup, tso_metal_star, uniq_terence
D:4:      grunt_temple_overflow_forces_of_nature,
          grunt_temple_overflow_gold_and_silver, nicolae_overflow_crystal_walls,
          minmay_temple_entry_metal_lava, first_bread, serial_shops,
          nicolae_shop_waterfront
D:5:      kennysheep_mini_moat
D:6:      kennysheep_generic_room_4, uniq_grinder, uniq_eustachio
D:7:      lemuel_mausoleum_altar_kikubaaqudgha, marbit_many_paths,
          minmay_stone_trees_medium
Temple:   compressed_dpeg_triangle_lava_temple

Skill      XL: |  1  2  3  4  5  6  7  8  9 |
---------------+----------------------------+-----
Crossbows      | 3 4 5 6 8 9 10 | 10.1
Hexes          | 4 5 |  5.1
Invocations    | 1 2 |  2.5
Axes           | 4 |  4.3
Evocations     | 2 |  2.2
Fighting       | |  1.0
Dodging        | |  2.0
Spellcasting   | |  1.0
Translocations | |  0.1

Action                   |  1- 3 |  4- 6 |  7- 9 || total
-------------------------+-------+-------+-------++-------
Melee: Unarmed           |       |     9 |       ||     9
       Hand axe          |       |       |    56 ||    56
       War axe           |       |       |   115 ||   115
 Fire: Hand crossbow     |    66 |   178 |   154 ||   398
 Cast: Portal Projectile |       |     2 |       ||     2
       Corona            |       |     4 |    15 ||    19
Invok: Heroism           |       |       |     1 ||     1
Evoke: Wand              |       |       |     7 ||     7
  Use: Potion            |       |    10 |     4 ||    14
       Scroll            |       |       |    12 ||    12
 Stab: Sleeping          |       |       |     7 ||     7
  Eat: Chunk             |     1 |     9 |    25 ||    35
       Royal jelly       |       |       |     1 ||     1
Armor: Robe              |     4 |     7 |    48 ||    59
       Skin              |       |     9 |       ||     9
Dodge: Dodged            |    23 |    63 |   213 ||   299

Table legend:
 A = Spawn XP
 B = Non-spawn XP
 C = Spawn XP percentage of total XP
 D = Spawn monster count
 E = Non-spawn monster count
 F = Spawn count percentage of total count
 G = Total turns spent on level
                    A         B        C        D         E        F      G
               +---------+---------+-------+---------+---------+-------+---------
         Total |       0 |    3341 |   0.0 |       0 |     126 |   0.0 |  9204
               +---------+---------+-------+---------+---------+-------+---------
           D:1 |       0 |      24 |   0.0 |       0 |      13 |   0.0 |   984
           D:2 |       0 |     150 |   0.0 |       0 |      26 |   0.0 |  1235
           D:3 |       0 |      99 |   0.0 |       0 |      23 |   0.0 |  1199
           D:4 |       0 |     652 |   0.0 |       0 |      23 |   0.0 |  1713
           D:5 |       0 |     246 |   0.0 |       0 |       7 |   0.0 |   892
           D:6 |       0 |     872 |   0.0 |       0 |      14 |   0.0 |  1867
           D:7 |       0 |    1298 |   0.0 |       0 |      20 |   0.0 |   983
               +---------+---------+-------+---------+---------+-------+---------
